 Dungeon Crawl Stone Soup version 0.26-a0-668-gd58323b419 (webtiles) character file.

Game seed: 819553851848008155

7043 grandjackal the Fighter (level 10, -8/83 HPs)
             Began as a Demonspawn Gladiator on Oct 18, 2020.
             Was a Priest of Vehumet.
             Mangled by Snorg (19 damage)
             ... on level 10 of the Dungeon.
             The game lasted 00:14:49 (8965 turns).

grandjackal the Fighter (Demonspawn Gladiator)      Turns: 8965, Time: 00:14:50

Health: -8/83      AC: 12    Str: 18    XL:     10   Next: 83%
Magic:  10/10      EV: 15    Int: 10    God:    Vehumet [***...]
Gold:   614        SH:  5    Dex: 14    Spells: 5/9 levels left

rFire    . . .     SeeInvis .   E - +1 broad axe (vorpal)
rCold    + . .     Faith    .   y - +0 buckler
rNeg     + . .     Spirit   .   C - +1 scale mail {rN+}
rPois    .         Reflect  .   c - +0 helmet
rElec    .         Harm     .   p - +0 cloak
rCorr    .         Rampage  .   k - +1 pair of gloves
MR       .....                  (no boots)
Stlth    +.........             u - amulet of regeneration
HPRegen  0.63/turn              (no ring)
MPRegen  0.12/turn              (no ring)

@: no status effects
A: talons 1, cold resistance 1, spiny 1, sturdy frame 2
a: Renounce Religion


You were on level 10 of the Dungeon.
You worshipped Vehumet.
Vehumet was most pleased with you.
You visited 1 branch of the dungeon, and saw 10 of its levels.

You collected 614 gold pieces.

Inventory:

Hand Weapons
 E - a +1 vorpal broad axe (weapon)
 F - a +5 scimitar
 J - a +1 short sword of protection
Missiles
 d - 5 throwing nets (quivered)
Armour
 c - a +0 helmet (worn)
 k - a +1 pair of gloves (worn)
 p - a +0 cloak (worn)
 y - a +0 buckler (worn)
 C - a +1 scale mail of positive energy (worn)
Jewellery
 u - an amulet of regeneration (around neck)
 w - an uncursed ring of ice
Wands
 i - a wand of flame (21)
 A - a wand of iceblast (3)
 I - a wand of enslavement (5)
Scrolls
 b - 3 scrolls of teleportation
 e - a scroll of enchant armour
 l - 3 scrolls of magic mapping {unknown}
 m - 2 scrolls of fear {unknown}
 B - 2 scrolls of fog
Potions
 f - 9 potions of curing
 g - 5 potions of heal wounds
 j - 2 potions of magic
 n - 2 potions of mutation
 o - 2 potions of invisibility
 r - 3 potions of haste
 s - 2 potions of cancellation
 t - 2 potions of brilliance
 v - 3 potions of stabbing
 z - 4 potions of lignification
 D - a potion of berserk rage
 G - a potion of flight


   Skills:
 + Level 9.2 Fighting
 - Level 6.9 Long Blades
 + Level 5.0 Axes
 - Level 1.7 Throwing
 + Level 4.3 Armour
 - Level 7.3 Dodging
 - Level 4.2 Shields
 + Level 3.5 Conjurations


You had 5 spell levels left.
You knew the following spells:

 Your Spells              Type           Power        Failure   Level
a - Foxfire               Conj/Fire      #...         7%          1
b - Static Discharge      Conj/Air       #.......     21%         3

Your spell library contained the following spells:

 Spells                   Type           Power        Failure   Level


Dungeon Overview and Level Annotations

Branches:
Dungeon (10/15)            Temple (0/1) D:6
   Lair: D:8-11         Orc: D:9-12

Altars:
Dithmenos
Elyvilon
Hepliaklqana
Makhleb
Nemelex Xobeh
Okawaru
Qazlal
Sif Muna
Vehumet
Wu Jian
Xom
Yredelemnul
Zin

Shops:
D:7 [

Annotations:
D:4 1 runed translucent door, grandjackal's ghost, novice DsGl
D:7 2 transporters
D:8 2 runed translucent doors, exclusion: orange crystal statue
D:10 Snorg


Innate Abilities, Weirdness & Mutations

You have sharp toenails.
Your flesh is cold resistant. (rC+)
You are partially covered in sharp spines.
Your movements are less encumbered by armour. (ER -4)


Message History

* * * LOW HITPOINT WARNING * * *
Snorg misses you. Snorg claws you.
* * * LOW HITPOINT WARNING * * *
Throwing (i - inventory)
d - 6 throwing nets (quivered)
Press: ? - help, Shift-Dir - straight line, f/p - Snorg
Aim: Snorg (severely wounded, berserk, covered in acid)
You throw a throwing net. The throwing net hits Snorg.
Snorg is caught in the net!
Snorg is severely wounded.
Snorg struggles against the net.
You hit Snorg. You claw Snorg.
Snorg is severely wounded.
Snorg struggles against the net. x2
Unknown command.
You slash Snorg!
Snorg is almost dead.
Snorg struggles against the net.
The net rips apart, and Snorg comes free!
Snorg is struck by your spines. Snorg bites you!!
You die...

#.#############
#.............#
#.###########.#
#.# #.# ####.#
#.# .....# #.#
####.# #.# #.#
#.# #.# #@#
#.######## #T#
#......... ..#
#.######## #..#
#.# #..# #.#
#..# #.####
#.(. #....#
#.## ####.#


You could see Snorg (berserk, corroded).

Vanquished Creatures
  2 two-headed ogres
  A kobold demonologist (D:9)
  Grinder (D:3)
  Menkaure (D:6)
  A water moccasin (D:7)
  A soldier ant (D:10)
  3 orc warriors
  5 ice beasts
  2 sky beasts
  9 ogres
  2 centaurs
  9 big kobolds (D:9)
  3 bullfrogs (D:9)
  A wyvern zombie (D:7)
  A gnoll sergeant (D:8)
  2 scorpions
  A wyvern skeleton (D:7)
  4 killer bees (D:8)
  7 wights (D:6)
  A howler monkey (D:5)
  2 centaur zombies (D:7)
  A quasit (D:8)
  5 hounds
  Crazy Yiuf (D:2)
  5 orc priests
  10 orc wizards
  3 bullfrog skeletons
  Terence (D:2)
  4 worker ants
  2 iguanas
  A hound zombie (D:7)
  3 hound skeletons
  2 worker ant zombies (D:9)
  14 adders
  19 gnolls
  A howler monkey skeleton (D:5)
  2 shadow imps
  3 white imps
  An ufetubus (D:6)
  3 oozes
  An adder zombie (D:9)
  2 adder skeletons
  2 worms (D:5)
  2 dart slugs
  8 leopard geckos
  35 orcs
  5 ball pythons
  10 bats
  9 giant cockroaches
  6 goblins
  10 hobgoblins
  8 jackals
  6 quokkas
  5 frilled lizards
  A jackal zombie (D:5)
  14 kobolds
  2 quokka zombies
  9 rats
275 creatures vanquished.

Vanquished Creatures (others)
  An adder (D:8)
  A plant (D:10)
  2 withered plants (D:4)
4 creatures vanquished.

Grand Total: 279 creatures vanquished

Notes
Turn   | Place    | Note
-------+----------+-------------------------------------------
     0 | D:1      | grandjackal the Demonspawn Gladiator began the quest for
                  | the Orb.
     0 | D:1      | Reached XP level 1. HP: 16/16 MP: 1/1
   137 | D:1      | Gained mutation: Your flesh is cold resistant. (rC+)
                  | [demonic ancestry]
   137 | D:1      | Reached XP level 2. HP: 13/23 MP: 2/2
   550 | D:1      | Reached XP level 3. HP: 27/28 MP: 3/3
  1162 | D:1      | Reached skill level 3 in Fighting
  1162 | D:1      | Gained mutation: Your movements are slightly less
                  | encumbered by armour. (ER -2) [demonic ancestry]
  1162 | D:1      | Reached XP level 4. HP: 12/35 MP: 4/4
  1672 | D:2      | Noticed Terence
  1678 | D:2      | Killed Terence
  1678 | D:2      | Reached XP level 5. HP: 34/41 MP: 5/5
  2361 | D:2      | Found a runed translucent door.
  2362 | D:2      | Noticed Crazy Yiuf
  2368 | D:2      | Killed Crazy Yiuf
  2512 | D:3      | Found a basalt altar of Yredelemnul.
  2613 | D:3      | Noticed a sky beast
  2674 | D:3      | Killed a sky beast
  2674 | D:3      | Reached skill level 4 in Fighting
  2674 | D:3      | Gained mutation: Your movements are less encumbered by
                  | armour. (ER -4) [demonic ancestry]
  2674 | D:3      | Reached XP level 6. HP: 29/48 MP: 6/6
  2929 | D:3      | Noticed Grinder
  2966 | D:3      | Killed Grinder
  2966 | D:3      | Reached XP level 7. HP: 17/55 MP: 7/7
  3273 | D:3      | Found a stormy altar of Qazlal.
  3469 | D:4      | Found a shadowy altar of Dithmenos.
  3649 | D:4      | Reached skill level 5 in Fighting
  3649 | D:4      | Reached skill level 5 in Long Blades
  3649 | D:4      | Reached skill level 5 in Dodging
  3667 | D:4      | Found a runed translucent door.
  3667 | D:4      | Noticed grandjackal's ghost (novice DsGl)
  4458 | D:5      | Entered Level 5 of the Dungeon
  4535 | D:5      | Gained mutation: You are partially covered in sharp spines.
                  | [demonic ancestry]
  4535 | D:5      | Reached XP level 8. HP: 49/63 MP: 8/8
  4842 | D:5      | Reached skill level 6 in Fighting
  5161 | D:5      | Found a sparkling altar of Nemelex Xobeh.
  5361 | D:6      | Found a radiant altar of Vehumet.
  5379 | D:6      | Became a worshipper of Vehumet
  5819 | D:6      | Found a staircase to the Ecumenical Temple.
  5896 | D:6      | Reached skill level 7 in Fighting
  5899 | D:6      | Gained mutation: You have sharp toenails. [demonic
                  | ancestry]
  5899 | D:6      | Reached XP level 9. HP: 44/72 MP: 9/9
  5993 | D:6      | Noticed Menkaure
  5998 | D:6      | Killed Menkaure
  6484 | D:7      | Found a burning altar of Makhleb.
  6484 | D:7      | Found a hazy altar of Hepliaklqana.
  6528 | D:7      | Found a transporter.
  6530 | D:7      | Noticed a kobold demonologist
  6581 | D:7      | Found a transporter.
  6588 | D:7      | Found Uwkomaat's Armour Shoppe.
  6594 | D:7      | Reached skill level 1 in Axes
  6626 | D:7      | Reached * piety under Vehumet
  6626 | D:7      | Offered knowledge of Shock by Vehumet.
  6727 | D:7      | Found an iron altar of Okawaru.
  6887 | D:8      | Found an ornate altar of the Wu Jian Council.
  6890 | D:8      | Noticed a two-headed ogre
  6899 | D:8      | Killed a two-headed ogre
  6899 | D:8      | Reached skill level 8 in Fighting
  6957 | D:8      | Found a sparkling altar of Nemelex Xobeh.
  7019 | D:8      | Found a runed translucent door.
  7059 | D:8      | Offered knowledge of Foxfire by Vehumet.
  7062 | D:8      | Reached ** piety under Vehumet
  7070 | D:8      | Reached XP level 10. HP: 76/82 MP: 10/10
  7086 | D:8      | Learned a level 1 spell: Foxfire
  7155 | D:8      | Noticed an orange crystal statue
  7156 | D:8      | Found the +10 tower shield of Ignorance {rN+ Int-4}
  7169 | D:8      | Found a runed translucent door.
  7472 | D:8      | Noticed an angel
  7474 | D:8      | Found a glowing silver altar of Zin.
  7475 | D:8      | Found a shimmering altar of Xom.
  7599 | D:8      | Reached skill level 1 in Conjurations
  7944 | D:9      | Offered knowledge of Frozen Ramparts by Vehumet.
  8062 | D:9      | Found a shimmering blue altar of Sif Muna.
  8108 | D:9      | Reached *** piety under Vehumet
  8131 | D:9      | Offered knowledge of Static Discharge by Vehumet.
  8165 | D:9      | Learned a level 3 spell: Static Discharge
  8200 | D:9      | Reached skill level 9 in Fighting
  8326 | D:9      | Noticed a two-headed ogre
  8373 | D:9      | Killed a two-headed ogre
  8764 | D:9      | Found a white marble altar of Elyvilon.
  8812 | D:10     | Entered Level 10 of the Dungeon
  8838 | D:10     | Reached skill level 5 in Axes
  8954 | D:10     | Noticed Snorg
  8965 | D:10     | Mangled by Snorg

Illustrated notes

Levels and vault maps discovered:
D:1:      dpeg_arrival_short_road, layout_basic, minmay_box_of_dots
D:2:      layout_loops_ring, serial_glass, glass_columns_a, glass_columns_c,
          glass_columns_c, glass_columns_a, glass_columns_b, glass_columns_c,
          glass_columns_a, glass_columns_b, minmay_circled_x, uniq_terence,
          uniq_crazy_yiuf_cottage
D:3:      layout_rooms, yredelemnul_altar_generic, lemuel_round_altar,
          uniq_grinder
D:4:      layout_basic, lemuel_doored_altar, gammafunk_ghost_grave
D:5:      layout_basic, lemuel_coloured_pillars_altar
D:6:      layout_cave_pods, minmay_temple_entry_proselytizer,
          vehumet_altar_wand_db, uniq_menkaure
D:7:      gammafunk_wand_slinger, layout_rooms,
          chequers_temple_overflow_statue_of_worship, serial_shops, shop,
          okawaru_trees_2
D:8:      layout_loops_ring, grunt_temple_overflow_order_and_chaos_1,
          kennysheep_mini_moat, basic_altar, kennysheep_diamond,
          chequers_guarded_unrand_ignorance
D:9:      layout_basic, led_sif_pool, overflow_temple_1_default, special_room
          [special_room_kobold], minmay_puff
D:10:     layout_loops_ring, dpeg_oklobed_lair, orc_0_dummy, uniq_snorg

Skill      XL: |  1  2  3  4  5  6  7  8  9 10 |
---------------+-------------------------------+-----
Long Blades    | 3 4 5 6 |  6.9
Dodging        | 3 4 5 6 7 |  7.3
Fighting       | 3 4 5 7 8 9 |  9.2
Axes           | 3 5 |  5.0
Armour         | 2 4 |  4.3
Shields        | 2 4 |  4.2
Conjurations   | 3 |  3.5
Throwing       | |  1.7

Action                   |  1- 3 |  4- 6 |  7- 9 | 10-12 || total
-------------------------+-------+-------+-------+-------++-------
Melee: Long sword        |    71 |   181 |   215 |       ||   467
       Great sword       |       |       |    10 |       ||    10
       Scimitar          |       |       |    93 |   146 ||   239
       Broad axe         |       |       |       |    11 ||    11
       Kick              |       |       |       |     4 ||     4
Throw: Throwing net      |       |       |       |     2 ||     2
Evoke: Wand              |       |       |     6 |     7 ||    13
  Use: Scroll            |       |     2 |    13 |     6 ||    21
 Stab: Sleeping          |     1 |       |       |       ||     1
Armor: Leather armour    |    11 |       |       |       ||    11
       Ring mail         |    14 |    79 |     8 |       ||   101
       Chain mail        |       |       |    15 |       ||    15
       Scale mail        |       |       |    91 |    45 ||   136
Dodge: Dodged            |    56 |   120 |   229 |   138 ||   543
Block: Buckler           |       |       |     3 |    37 ||    40
       Rpst.: Long sword |    22 |    38 |    60 |       ||   120
       Great sword       |       |       |     2 |       ||     2
       Scimitar          |       |       |    15 |    35 ||    50

Table legend: (Time is in decaauts)
 A = Elapsed time spent in this place.
 B = Non-inter-level travel time spent in this place.
 C = Inter-level travel time spent in this place.
 D = Time resting spent in this place.
 E = Time spent auto-exploring this place.
 F = Levels seen in this place.
 G = Mean time per level.
                   A        B        C        D        E       F      G
               +--------+--------+--------+--------+--------+-----+--------+
         Total |   9067 |   8736 |    331 |   1760 |   5181 |  10 |  906.7 |
       Dungeon |   9067 |   8736 |    331 |   1760 |   5181 |  10 |  906.7 |
               +--------+--------+--------+--------+--------+-----+--------+

Top non-repeatable levels by time:
     D:1: 1293 daAuts
     D:2: 1247 daAuts
     D:6: 1129 daAuts
     D:4: 1065 daAuts
     D:9: 1057 daAuts
     D:3: 918 daAuts
     D:5: 903 daAuts
     D:8: 891 daAuts
     D:7: 404 daAuts
    D:10: 156 daAuts
